 Dungeon Crawl Stone Soup version 0.14-a0-1413-g94b8a5e (webtiles) character file.

1043 Mitsuki the Covert (level 8, 0/50 HPs)
             Began as a Kobold Assassin on Dec 10, 2013.
             Was an Initiate of Okawaru.
             Slain by a gnoll sergeant
             ... wielding a +0,+0 spear
              (13 damage)
             ... on Level 6 of the Dungeon on Dec 11, 2013.
             The game lasted 01:03:29 (6459 turns).

Mitsuki the Covert (Kobold Assassin)                Turns: 6459, Time: 01:03:29

HP   0/50        AC  7     Str 11      XL: 8   Next:  2%
MP   8/8         EV 14     Int  9      God: Okawaru [......]
Gold 321         SH  0     Dex 18      Spells:  0 memorised,  7 levels left

rFire  + . .     SeeInvis .     y - +1,+2 cutlass
rCold  . . .     Clarity  .     v - +1 orc leather armour
rNeg   . . .     Conserve .     (no shield)
rPois  +         rCorr    .     (helmet restricted)
rElec  .         rRot     .     d - +0 cloak
SustAb . .       Spirit   .     (no gloves)
rMut   .         Warding  .     (no boots)
Saprov + + .     Stasis   .     k - amulet of inaccuracy {unknown}
                                n - ring of protection from fire {unknown}
                                p - ring of poison resistance

@: slightly resistant to hostile enchantments, very stealthy
A: disease resistance, antennae 1, thin metallic scales 1, carnivore 3,
deterioration 1, saprovore 2
a: Renounce Religion


You were on level 6 of the Dungeon.
You worshipped Okawaru.
Okawaru was noncommittal.
You were very full.

You visited 2 branches of the dungeon, and saw 7 of its levels.

You collected 321 gold pieces.

Inventory:

Hand weapons
 a - a +4,+4 elven dagger of speed
 b - a +0 blowgun
 i - a +3,+1 dwarven dagger of draining
 y - a +1,+2 cutlass (weapon)
Missiles
 e - 21 poisoned needles
 f - 6 curare-tipped needles
 q - 14 silver darts
 t - a throwing net (quivered)
Armour
 d - a +0 cloak (worn)
 o - a +1 leather armour
 v - a +1 orcish leather armour (worn)
Comestibles
 g - a meat ration
 j - a rotting chunk of jackal flesh
 z - a sausage
Scrolls
 h - a scroll of teleportation
 l - a scroll of recharging {unknown}
 u - 2 scrolls of identify {unknown}
 w - a scroll of blinking
 x - a scroll of fear
Jewellery
 k - an amulet of inaccuracy (around neck) {unknown}
 n - a ring of protection from fire (right hand) {unknown}
 p - a ring of poison resistance (left hand)
 r - a +1 ring of strength
Potions
 c - a potion of curing {unknown}
 s - 3 potions of resistance
Books
 m - a book of Beasts

   Spells                             Type                      Level
   Summon Butterflies                 Summoning                    1
   Sticks to Snakes                   Transmutation                2
   Call Canine Familiar               Summoning                    3
   Ice Form                           Ice/Transmutation            4
   Summon Ice Beast                   Ice/Summoning                4
   Summon Hydra                       Summoning                    7


   Skills:
 * Level 5.5 Fighting
 - Level 4.0 Short Blades
 - Level 3.1 Throwing
 - Level 1.0 Armour
 - Level 3.8 Dodging
 + Level 8.8 Stealth
 - Level 1.0 Unarmed Combat


You had 7 spell levels left.
You didn't know any spells.

Dungeon Overview and Level Annotations

Branches:
Dungeon (6/16)             Temple (1/1) D:5

Altars:
Ashenzari
Elyvilon
Kikubaaqudgha
Nemelex Xobeh
Okawaru
Sif Muna
Trog
Vehumet
Yredelemnul
the Shining One


Innate Abilities, Weirdness & Mutations

You recuperate from illness quickly.
You are small and have problems with some larger weapons.
You are carnivorous and can eat meat at any time.
You can eat rotten meat.
You have a pair of small antennae on your head.
You are partially covered in thin metallic scales (AC +2).
Your body is slowly deteriorating.


Message History

The gnoll sergeant is lightly wounded.
The gnoll sergeant hits you with a spear.
* * * LOW HITPOINT WARNING * * *
You are too injured to fight recklessly!
You are too injured to fight recklessly!
You are too injured to fight recklessly!
You are too injured to fight recklessly!
You are too injured to fight recklessly!
You are too injured to fight recklessly!
You are too injured to fight recklessly!
The gnoll sergeant barely misses you.
There is an open door here.
You close the door.
A gnoll sergeant opens the door.
There is an open door here.
There is an open door here.
The gnoll sergeant hits you from afar with a spear.
* * * LOW HITPOINT WARNING * * *
There is an escape hatch in the ceiling, spattered with blood here.
The gnoll sergeant hits you from afar with a spear!
You die...

+.......g..#
#..........#
#.......gg.#
#..........#
########'##
####.#
#...{#
#####g######
#......@...#
#..........#
#..........#
+..........#
#..........#
#..........#
#..........#
#..........#
#..........#


You could see a gnoll sergeant.

Vanquished Creatures
  A centaur (D:5)
  2 ogres
  A giant frog (D:3)
  A hound (D:5)
  A jelly (D:6)
  A centaur skeleton (D:5)
  An iguana (D:4)
  3 worker ants
  8 adders
  3 worms
  A giant eyeball (D:5)
  5 oozes
  5 orcs
  7 giant cockroaches
  7 hobgoblins
  11 jackals
  A quokka (D:5)
  A ball python (D:1)
  9 bats
  4 giant geckos
  9 giant newts
  18 goblins
  18 kobolds
  20 rats
138 creatures vanquished.

Notes
Turn   | Place    | Note
--------------------------------------------------------------
     0 | D:1      | Mitsuki, the Kobold Assassin, began the quest for the Orb.
     0 | D:1      | Reached XP level 1. HP: 12/12 MP: 1/1
   333 | D:1      | Reached XP level 2. HP: 18/18 MP: 2/2
  1101 | D:1      | Reached XP level 3. HP: 18/22 MP: 3/3
  1913 | D:2      | Reached XP level 4. HP: 20/27 MP: 4/4
  1985 | D:2      | Reached skill level 1 in Unarmed Combat
  1997 | D:2      | Reached skill level 6 in Stealth
  2320 | D:2      | Found an ancient bone altar of Kikubaaqudgha.
  2769 | D:3      | Reached XP level 5. HP: 27/31 MP: 5/5
  3085 | D:3      | Noticed a giant frog
  3101 | D:3      | Killed a giant frog
  3211 | D:3      | Reached skill level 7 in Stealth
  3312 | D:3      | Noticed an ogre
  3348 | D:3      | Killed an ogre
  3348 | D:3      | Reached XP level 6. HP: 37/37 MP: 6/6
  3639 | D:3      | Upgraded the game from 0.14-a0-1403-g5d3c58f to 0.14-a0-1413-g94b8a5e
  3667 | D:4      | Found a sparkling altar of Nemelex Xobeh.
  3826 | D:4      | Reached skill level 1 in Armour
  3916 | D:4      | Gained mutation: You have a pair of small antennae on your head. [potion of mutation]
  3916 | D:4      | Gained mutation: You are partially covered in thin metallic scales (AC +2). [potion of mutation]
  3916 | D:4      | Gained mutation: Your body is slowly deteriorating. [potion of mutation]
  4492 | D:5      | Entered Level 5 of the Dungeon
  4626 | D:5      | Found a staircase to the Ecumenical Temple.
  4640 | Temple   | Entered the Ecumenical Temple
  4942 | Temple   | Became a worshipper of Warmaster Okawaru
  5056 | D:5      | Reached XP level 7. HP: 42/42 MP: 7/7
  5262 | D:5      | Reached skill level 8 in Stealth
  5752 | D:5      | Reached skill level 5 in Fighting
  5926 | D:5      | Found a basalt altar of Yredelemnul.
  6433 | D:6      | Reached XP level 8. HP: 37/50 MP: 8/8
  6459 | D:6      | Slain by a gnoll sergeant

Action                   |  1- 3 |  4- 6 |  7- 9 || total
-------------------------+-------+-------+-------++-------
Melee: Unarmed           |   137 |    10 |       ||   147
       Dagger            |    81 |   333 |    62 ||   476
       Cutlass           |       |       |    74 ||    74
 Fire: Blowgun           |    11 |    22 |    13 ||    46
  Use: Scroll            |     3 |    16 |     2 ||    21
       Potion            |     4 |     5 |     1 ||    10
 Stab: Sleeping          |     4 |    16 |     5 ||    25
       Distracted        |       |       |     1 ||     1
